 Dungeon Crawl Stone Soup version 0.26-a0-712-ga5a9c9c9d0 (webtiles) character file.

Game seed: 13777024903725064402

210 nicanaca0 the Chopper (level 5, -2/50 HPs)
             Began as a Deep Dwarf Fighter on Nov 11, 2020.
             Slain by a gnoll
             ... wielding a +0 halberd
              (7 damage)
             ... on level 3 of the Dungeon.
             The game lasted 00:03:45 (1618 turns).

nicanaca0 the Chopper (Deep Dwarf Fighter)          Turns: 1618, Time: 00:03:45

Health: -2/50      AC: 11    Str: 20    XL:     5   Next: 57%
Magic:  5/5        EV:  7    Int:  9    God:
Gold:   146        SH:  9    Dex: 12    Spells: 4/4 levels left

rFire    . . .     SeeInvis .   a - +0 war axe
rCold    . . .     Faith    .   c - +0 kite shield
rNeg     . . .     Spirit   .   b - +0 scale mail
rPois    .         Reflect  .   (no helmet)
rElec    .         Harm     .   (no cloak)
rCorr    .         Rampage  .   p - +2 pair of gloves
MR       .....                  l - +0 pair of boots
Stlth    ..........             (no amulet)
HPRegen  0.00/turn              g - ring of flight
MPRegen  0.09/turn              (no ring)

@: non-regenerating
A: damage resistance, heal wounds, sense surroundings 1, no regeneration
a: Heal Wounds, Evoke Flight


You were on level 3 of the Dungeon.
You visited 1 branch of the dungeon, and saw 3 of its levels.

You collected 146 gold pieces.

Inventory:

Hand Weapons
 a - a +0 war axe (weapon)
Armour
 b - a +0 scale mail (worn)
 c - a +0 kite shield (worn)
 l - a +0 pair of boots (worn)
 p - a +2 pair of gloves (worn)
Jewellery
 g - a ring of flight (left hand)
Scrolls
 f - 3 scrolls of identify {unknown}
 i - 2 scrolls of teleportation {unknown}
 j - a scroll of blinking {unknown}
 k - a scroll of noise {unknown}
 m - a scroll of enchant armour {unknown}
 n - a scroll of fear {unknown}
Potions
 d - 2 potions of might
 e - 3 potions of curing {unknown}
 h - a potion of haste {unknown}
 o - a potion of degeneration {unknown}
 q - a potion of ambrosia {unknown}


   Skills:
 + Level 3.8 Fighting
 * Level 4.2 Axes
 + Level 4.1 Armour
 + Level 4.1 Shields


You had 4 spell levels left.
You didn't know any spells.
Your spell library contained the following spells:

 Spells                   Type           Power        Failure   Level
 Corona                   Hex            #......      99%         1
 Ensorcelled Hibernation  Hex/Ice        #.....       100%        2
 Confusing Touch          Hex            #.......     100%        3
 Dazzling Flash           Conj/Hex       #.....       100%        3
 Tukima's Dance           Hex            #.......     100%        3


Dungeon Overview and Level Annotations

Branches:
Dungeon (3/15)

Altars:


Innate Abilities, Weirdness & Mutations

You are resistant to damage.
You can heal yourself by infusing magical energy.
You passively map a small area around you.
You do not regenerate.


Message History

Items here: ( )) ††.
The gnoll completely misses you.
There is an open door here.
The gnoll hits you but does no damage.
You hit the gnoll.
The gnoll is moderately wounded.
The gnoll hits you with a +0 halberd!
* * * LOW HITPOINT WARNING * * *
The gnoll barely misses you.
You closely miss the gnoll. x2; The gnoll hits you with a +0 halberd.
The gnoll hits you but does no damage.
Your shield and scale mail prevent you from hitting the gnoll.
You slash the gnoll!
You kill the gnoll!
The gnoll barely misses you.
You closely miss the gnoll. You block the gnoll's attack.
The gnoll hits you with a +0 halberd!
* * * LOW HITPOINT WARNING * * *
You closely miss the gnoll. The gnoll hits you with a +0 halberd!
You die...

)......#*...............
, ().....# #(# * * * **
<......# ,. ##'##
##.##### .##...# * , #.#
##### ..#...# * #.#
#...# #.#...# * , ##.#
#...# #.##K##
...####...# #.##g#
####......###.##@# *
..........'....).#
..##......###..#.#
..#.....### ##.#.#
..#.....# #...#
..#.....# ##..#
..#.....# #..# ..#######
#... ..# #....


You could see a gnoll and a kobold.

Vanquished Creatures
  A gnoll shaman (D:3)
  7 gnolls (D:3)
  3 adders
  3 dart slugs
  4 leopard geckos
  5 bats
  11 giant cockroaches
  10 hobgoblins
  3 jackals (D:3)
  5 kobolds
  A quokka (D:2)
  6 frilled lizards
  10 goblins
  8 rats
77 creatures vanquished.

Notes
Turn   | Place    | Note
-------+----------+-------------------------------------------
     0 | D:1      | nicanaca0 the Deep Dwarf Fighter began the quest for the
                  | Orb.
     0 | D:1      | Reached XP level 1. HP: 20/20 MP: 1/1
    80 | D:1      | Reached XP level 2. HP: 18/27 MP: 2/2
   359 | D:1      | Reached XP level 3. HP: 31/34 MP: 3/3
   894 | D:2      | Reached XP level 4. HP: 32/42 MP: 4/4
  1410 | D:3      | Reached XP level 5. HP: 28/50 MP: 5/5
  1618 | D:3      | Slain by a gnoll

Illustrated notes

Levels and vault maps discovered:
D:1:      dpeg_arrival_court, layout_basic
D:2:      layout_rooms, minmay_misc_feat_plants
D:3:      layout_basic

Skill      XL: |  1  2  3  4  5 |
---------------+----------------+-----
Fighting       | 3 |  3.8
Axes           | 3 4 |  4.2
Shields        | 4 |  4.1
Armour         | 4 |  4.1

Action                   |  1- 3 |  4- 6 || total
-------------------------+-------+-------++-------
Melee: War axe           |   142 |   118 ||   260
 Abil: Heal Wounds       |     1 |     2 ||     3
Armor: Scale mail        |    58 |    71 ||   129
Dodge: Dodged            |    50 |    48 ||    98
Block: Kite shield       |    79 |    64 ||   143

Table legend: (Time is in decaauts)
 A = Elapsed time spent in this place.
 B = Non-inter-level travel time spent in this place.
 C = Inter-level travel time spent in this place.
 D = Time resting spent in this place.
 E = Time spent auto-exploring this place.
 F = Levels seen in this place.
 G = Mean time per level.
                   A        B        C        D        E       F      G
               +--------+--------+--------+--------+--------+-----+--------+
         Total |   1729 |   1657 |     72 |      0 |   1017 |   3 |  576.3 |
       Dungeon |   1729 |   1657 |     72 |      0 |   1017 |   3 |  576.3 |
               +--------+--------+--------+--------+--------+-----+--------+

Top non-repeatable levels by time:
     D:1: 814 daAuts
     D:2: 499 daAuts
     D:3: 415 daAuts
